 Dungeon Crawl Stone Soup version 0.29-a0-243-g602b31c20e (webtiles) character file.

Game seed: 18166375828946258711

3538 Crownlay the Protected (level 9, -4/74 HPs)
             Began as a Minotaur Berserker on Mar 4, 2022.
             Was a Priest of Trog.
             Killed from afar by Maggie (27 damage)
             ... with a bolt of fire
             ... on level 7 of the Dungeon.
             The game lasted 00:08:39 (7677 turns).

Crownlay the Protected (Minotaur Berserker)         Turns: 7677, Time: 00:08:40

Health: -4/74      AC: 14    Str: 29    XL:     9   Next: 82%
Magic:  8/8        EV: 11    Int:  4    God:    Trog [***...]
Gold:   438        SH:  0    Dex: 10    Spells: 8/8 levels left

rFire   . . .      SeeInvis .   v - +0 long sword
rCold   . . .      Faith    .   (no shield)
rNeg    . . .      Spirit   .   w - +3 ring mail of Benevolence {rCorr Str+3}
rPois   .          Reflect  .   (helmet restricted)
rElec   .          Harm     .   p - +2 cloak
rCorr   +          Rampage  .   (no gloves)
Will    .....                   (no boots)
Stlth   ..........              (no amulet)
HPRegen 0.22/turn               t - ring of flight
MPRegen 0.11/turn               (no ring)

@: marked, on berserk cooldown, flying, slowed, very slow
A: horns 2, retaliatory headbutt
a: Renounce Religion, Berserk, Trog's Hand


You were on level 7 of the Dungeon.
You worshipped Trog.
Trog was most pleased with you.
You visited 1 branch of the dungeon, and saw 7 of its levels.
You also visited: Sewer.

You collected 438 gold pieces.

Inventory:

Hand Weapons
 b - a +2 hand axe of flaming
 v - a +0 long sword (weapon)
Missiles
 a - 4 boomerangs
 u - 2 throwing nets (quivered)
Armour
 p - a +2 cloak (worn)
 w - the +3 ring mail of Benevolence (worn) {rCorr Str+3}
   (You found it on level 5 of the Dungeon)

   Str:       It affects your strength (+3).
   rCorr:     It protects you from acid and corrosion.
Jewellery
 t - a ring of flight (left hand)
 B - a +4 ring of protection
Wands
 o - a wand of polymorph (26)
Scrolls
 c - a scroll of fog
 d - 6 scrolls of magic mapping
 f - a scroll of enchant weapon
 g - a scroll of identify
 i - a scroll of amnesia {unknown}
 j - 4 scrolls of teleportation
 k - a scroll of immolation {unknown}
 l - a scroll of brand weapon {unknown}
 x - 2 scrolls of fear {unknown}
 y - a scroll of summoning {unknown}
 C - 2 scrolls of blinking {unknown}
Potions
 e - 3 potions of mutation {unknown}
 h - 2 potions of ambrosia {unknown}
 m - 2 potions of magic {unknown}
 n - 2 potions of heal wounds {unknown}
 q - a potion of might {unknown}
 r - 3 potions of flight {unknown}
 s - 2 potions of curing {unknown}
 z - a potion of invisibility {unknown}
 A - 2 potions of berserk rage {unknown}
 D - a potion of haste {unknown}


   Skills:
 - Level 5.0 Fighting
 + Level 11.8 Long Blades
 * Level 12.2 Armour
 - Level 2.1 Dodging


You had 8 spell levels left.
You didn't know any spells.
Your spell library was empty.

Dungeon Overview and Level Annotations

Branches:
Dungeon (7/15)             Temple (0/1) D:6           Sewer (visited)

Altars:
Dithmenos
Fedhas
Hepliaklqana
Xom

Annotations:
D:7 Maggie


Innate Abilities, Weirdness & Mutations

You have a pair of horns on your head.
You reflexively headbutt those who attack you in melee.


Message History

You are no longer berserk.
You are exhausted.
You feel yourself slow down.
You barely miss Maggie.
Maggie is moderately wounded.
Maggie hits you with a +0 long sword.
You slash Maggie! You headbutt Maggie.
Maggie is moderately wounded.
Maggie gestures wildly while chanting.
Maggie attempts to bespell you! You resist with some effort.
You barely miss Maggie. Your headbutt misses Maggie.
Maggie is moderately wounded.
Maggie hits you with a +0 long sword. Maggie misses you.
You slash Maggie! You headbutt Maggie!
Maggie is severely wounded.
Maggie hits you with a +0 long sword.
You barely miss Maggie.
Maggie is severely wounded.
Maggie hits you but does no damage.
You hit Maggie.
Maggie is severely wounded.
Maggie completely misses you.
You hit Maggie but do no damage. You headbutt Maggie!
Maggie is almost dead.
Maggie closely misses you.
Maggie points at you and mumbles some strange words.
The bolt of fire hits you!
You hit Maggie but do no damage.
Maggie is almost dead.
Maggie points at you and mumbles some strange words.
The bolt of fire misses you.
You slash Maggie! Your headbutt misses Maggie.
Maggie is almost dead.
Maggie casts a spell at you. The bolt of fire hits you!!
You closely miss Maggie.
Maggie is almost dead.
Maggie points at you and mumbles some strange words.
The bolt of fire hits you!!
You die...

#........# ##.###....
######.......###..# ##.))
#.(. ##......##...###.#).
#...##...................
#................#....#..
##..............###....#..
#................##....#...
###..#.....####..##........
######.#@# ##..#....##..
##@..# #........#.. #.....
#...##.##... #.....#
....##.#... #.......
....#..... ......#..
##....... ......####
#....... ....#... ##......
##.......


You could see Maggie.

Vanquished Creatures
  Harold (D:7)
  A wyvern (D:7)
  A basilisk (D:7)
  2 water moccasins (D:7)
  2 orc warriors
  2 sky beasts
  6 ogres
  2 kobold brigands
  A phantom (D:5)
  A bullfrog (D:6)
  2 scorpions (D:5)
  3 necrophages
  6 wights (D:6)
  6 hounds
  2 orc priests (D:4)
  3 iguanas
  Natasha (thrice) (D:4)
  15 adders
  A gnoll (D:1)
  A river rat (Sewer)
  3 white imps
  4 ufetubi
  A worm (D:3)
  2 dart slugs (D:4)
  11 orcs
  9 ball pythons
  6 bats
  6 endoplasms
  9 giant cockroaches
  4 goblins (D:1)
  7 hobgoblins
  5 jackals
  14 kobolds
  4 quokkas
  7 frilled lizards
  9 rats
162 creatures vanquished.

Vanquished Creatures (others)
  11 plants (D:4)
11 creatures vanquished.

Grand Total: 173 creatures vanquished

Notes
Turn   | Place    | Note
-------+----------+-------------------------------------------
     0 | D:1      | Crownlay the Minotaur Berserker began the quest for the
                  | Orb.
     0 | D:1      | Reached XP level 1. HP: 19/19 MP: 0/0
   251 | D:1      | Found a faded altar of an unknown god.
   263 | D:1      | Reached XP level 2. HP: 26/26 MP: 1/1
   467 | D:1      | Reached skill level 5 in Long Blades
   755 | D:1      | Reached XP level 3. HP: 31/31 MP: 2/2
  1453 | D:2      | Reached ** piety under Trog
  2091 | D:3      | Reached XP level 4. HP: 39/39 MP: 3/3
  2764 | D:3      | Found a shadowy altar of Dithmenos.
  3294 | D:4      | Reached skill level 3 in Armour
  3294 | D:4      | Reached XP level 5. HP: 45/45 MP: 4/4
  3458 | D:4      | Reached skill level 4 in Armour
  3464 | D:4      | Noticed an ogre
  3470 | D:4      | Killed an ogre
  3471 | D:4      | Reached XP level 6. HP: 26/51 MP: 5/5
  3700 | D:4      | Noticed Natasha
  3707 | D:4      | Killed Natasha
  3708 | D:4      | Found a hazy altar of Hepliaklqana.
  3783 | D:4      | Noticed Natasha
  3796 | D:4      | Killed Natasha
  3797 | D:4      | Reached skill level 5 in Armour
  3995 | D:4      | Noticed Natasha
  4000 | D:4      | Killed Natasha
  4144 | D:4      | Found a blossoming altar of Fedhas.
  4405 | D:5      | Entered Level 5 of the Dungeon
  4443 | D:5      | Reached XP level 7. HP: 47/57 MP: 6/6
  4461 | D:5      | Identified the +3 ring mail of Benevolence {rCorr Str+3}
  4498 | D:5      | Reached skill level 6 in Armour
  4524 | D:5      | Found a glowing drain.
  4542 | Sewer    | Entered a sewer
  4622 | Sewer    | Reached *** piety under Trog
  5281 | D:5      | Reached skill level 7 in Armour
  5286 | D:5      | Reached XP level 8. HP: 52/64 MP: 7/7
  5790 | D:6      | Reached skill level 8 in Armour
  5801 | D:6      | Reached skill level 10 in Long Blades
  6170 | D:6      | Reached skill level 5 in Fighting
  6457 | D:6      | Found a staircase to the Ecumenical Temple.
  6616 | D:6      | Reached skill level 9 in Armour
  7036 | D:7      | Reached XP level 9. HP: 74/74 MP: 8/8
  7049 | D:7      | Reached skill level 10 in Armour
  7251 | D:7      | Found a shimmering altar of Xom.
  7485 | D:7      | Reached skill level 11 in Armour
  7650 | D:7      | Noticed Harold
  7653 | D:7      | Noticed Maggie
  7663 | D:7      | Killed Harold
  7664 | D:7      | Reached skill level 12 in Armour
  7677 | D:7      | Killed from afar by Maggie

Illustrated notes

Levels and vault maps discovered:
D:1:      heliophobic_arrival_battle_scene, layout_basic,
          hellmonk_ecumenical_altar_heavens_door
D:2:      layout_loops_ring, minmay_tetromino_i2
D:3:      layout_loops_ring, nicolae_overflow_crystal_walls
D:4:      layout_cave_pools, lemuel_tele_altar, fedhas_altar_decomposition,
          uniq_natasha
D:5:      layout_basic, portal_sewer_entry_f
D:6:      layout_loops_ring, temple_fountains
D:7:      layout_cave_pools, old_standard_altar, uniq_maggie, uniq_duvessa,
          uniq_harold

Skill      XL: |  1  2  3  4  5  6  7  8  9 |
---------------+----------------------------+-----
Long Blades    | 4 5 6 7 8 9 10 11 | 11.8
Armour         | 3 4 5 7 9 12 | 12.2
Fighting       | 5 |  5.0
Dodging        | |  2.1

Action                   |  1- 3 |  4- 6 |  7- 9 || total
-------------------------+-------+-------+-------++-------
Melee: Falchion          |    87 |    94 |       ||   181
       Headbutt          |    12 |    18 |    51 ||    81
       Punch             |     1 |       |     3 ||     4
       Long sword        |       |    20 |   259 ||   279
       Unarmed           |       |    19 |       ||    19
Invok: Berserk           |       |     4 |    15 ||    19
       Trog's Hand       |       |     2 |     1 ||     3
  Use: Scroll            |     1 |     3 |     3 ||     7
 Stab: Sleeping          |     1 |       |       ||     1
Armor: Animal skin       |    25 |    14 |       ||    39
       Chain mail        |       |    51 |    13 ||    64
       Ring mail         |       |       |    96 ||    96
Dodge: Dodged            |    52 |   111 |   115 ||   278

Table legend: (Time is in decaauts)
 A = Elapsed time spent in this place.
 B = Non-inter-level travel time spent in this place.
 C = Inter-level travel time spent in this place.
 D = Time resting spent in this place.
 E = Time spent auto-exploring this place.
 F = Levels seen in this place.
 G = Mean time per level.
                   A        B        C        D        E       F      G
               +--------+--------+--------+--------+--------+-----+--------+
         Total |   7835 |   7632 |    203 |      0 |   6446 |   8 |  979.4 |
       Dungeon |   7505 |   7302 |    203 |      0 |   6224 |   7 | 1072.1 |
         Sewer |    330 |    330 |      0 |      0 |    222 |   1 |  330.0 |
               +--------+--------+--------+--------+--------+-----+--------+

Top non-repeatable levels by time:
     D:1: 1359 daAuts
     D:6: 1278 daAuts
     D:3: 1204 daAuts
     D:4: 1172 daAuts
     D:5: 1075 daAuts
     D:2: 725 daAuts
     D:7: 689 daAuts
   Sewer: 330 daAuts
